 Dungeon Crawl Stone Soup version 0.24.0-2-g5b39cebb1c (webtiles) character file.

Game seed: 6283003707399724692, levelgen mode: deterministic

1099 Inarius the Skirmisher (level 8, -2/67 HPs)
             Began as a Mummy Wanderer on Oct 29, 2019.
             Was an Initiate of Gozag.
             Splashed by a jelly's acid (5 damage)
             ... on level 5 of the Dungeon.
             The game lasted 00:06:13 (5438 turns).

Inarius the Skirmisher (Mummy Wanderer)             Turns: 5438, Time: 00:06:14

Health: -2/67      AC:  8    Str: 16    XL:     8   Next: 10%
Magic:  8/8        EV:  4    Int: 13    God:    Gozag
Gold:   471        SH:  4    Dex: 11    Spells: 7/7 levels left

rFire    x . .     SeeInvis .   a - +2 spear
rCold    + . .     Gourm    .   i - +0 buckler
rNeg     + + +     Faith    .   g - +0 plate armour
rPois    ∞         Spirit   .   (no helmet)
rElec    .         Reflect  .   (no cloak)
rCorr    .         Harm     .   (no gloves)
MR       +....                  (no boots)
Stlth    ..........             (no amulet)
HPRegen  0.21/turn              (no ring)
MPRegen  0.11/turn              (no ring)

@: about to teleport, corroded, gold aura
A: no food or potions, fire vulnerability, cold resistance 1, negative energy
resistance 3, torment resistance, unbreathing
a: Potion Petition, Call Merchant, Bribe Branch, Renounce Religion


You were on level 5 of the Dungeon.
You worshipped Gozag.
Gozag was aware of your devotion.
You were not hungry.

You visited 1 branch of the dungeon, and saw 5 of its levels.

You collected 491 gold pieces.
You paid 20 gold pieces to Gozag.

Inventory:

Hand Weapons
 a - a +2 spear (weapon)
 m - a +3 quarterstaff of chaos
Missiles
 k - 4 boomerangs (quivered)
Armour
 d - a +0 robe
 g - a +0 plate armour (worn)
 i - a +0 buckler (worn)
 n - a +0 cloak
Scrolls
 c - 3 scrolls of teleportation
 f - 2 scrolls of remove curse {unknown}
 h - 2 scrolls of magic mapping {unknown}
 j - 2 scrolls of enchant weapon {unknown}
 l - 3 scrolls of identify {unknown}
 o - a scroll of immolation {unknown}


   Skills:
 * Level 7.3 Fighting
 - Level 2.4 Polearms
 + Level 1.1 Throwing
 + Level 4.5 Armour
 + Level 0.7 Dodging
 - Level 2.9 Stealth
 + Level 2.1 Shields


You had 7 spell levels left.
You didn't know any spells.
Your spell library was empty.

Dungeon Overview and Level Annotations

Branches:
Dungeon (5/15)
 Temple: D:4-7

Altars:
Ashenzari
Cheibriados
Gozag

Annotations:
D:3 3 runed translucent doors, MTVSty1e's ghost, weakling GrFi


Innate Abilities, Weirdness & Mutations

You do not eat or drink.
Your flesh is vulnerable to fire.
You are immune to poison.
Your flesh is cold resistant. (rC+)
You are immune to negative energy. (rN+++)
You are immune to unholy pain and torment.
You can survive without breathing.


Message History

The worker ant is lightly wounded.
You block the worker ant's attack. The jelly barely misses you.
You hit the jelly.
Your hands burn!
* * * LOW HITPOINT WARNING * * *
The jelly is moderately wounded.
The worker ant completely misses you. The jelly hits you but does no damage.
You hit the jelly. The acid corrodes you!
Your hands burn!
* * * LOW HITPOINT WARNING * * *
The jelly is heavily wounded.
You block the worker ant's attack. You block the jelly's attack.
The worker ant bites you.
* * * LOW HITPOINT WARNING * * *
As you read the scroll of teleportation, it crumbles to dust.
You feel strangely unstable. The jelly hits you but does no damage.
The worker ant bites you.
* * * LOW HITPOINT WARNING * * *
Unknown command.
You hit the jelly.
Your hands burn!
You die...
Your body crumbles into a pile of gold.

#####.###.# ####.# #.# # #.
#....# #.# #. #. #.#### #.#
.##. ## #.# #.#
######...#.## .# #.#
#.###...........# .# #.#
#.##.#.###...#..# .# #.#
#...###J....##.a#
.###.######..#<#@#######..#
...).........##a## #.e#
####.######.##...# ###..#
#.######...............#
#<........#...####.##..#
############.##
#.....####### #.#
###.)...... #.# #.#######
#.. ........#


You could see a jelly and a worker ant.

Vanquished Creatures
  Sigmund (D:5)
  Eustachio (D:4)
  Duvessa (D:5)
  An ogre (D:4)
  Dowan (D:5)
  2 howler monkeys
  2 crimson imps
  2 hounds
  Crazy Yiuf (D:3)
  Natasha (twice) (D:4)
  An orc wizard (D:5)
  2 worker ants
  A worker ant zombie (D:5)
  9 adders
  An ooze (D:4)
  An adder skeleton (D:5)
  3 worms
  3 dart slugs
  3 leopard geckos
  10 orcs
  2 ball pythons
  5 goblins
  8 hobgoblins
  7 jackals
  3 quokkas (D:2)
  10 bats
  8 frilled lizards
  6 kobolds
  A leopard gecko skeleton (D:4)
  A quokka skeleton (D:4)
  8 rats
107 creatures vanquished.

Notes
Turn   | Place    | Note
-------+----------+-------------------------------------------
     0 | D:1      | Inarius the Mummy Wanderer began the quest for the Orb.
     0 | D:1      | Inarius set off with the following items: a +2 spear, a +0
                  | falchion, a scroll of teleportation, a +0 robe, a +0 dagger
     0 | D:1      | Reached XP level 1. HP: 18/18 MP: 1/1
   302 | D:1      | Reached XP level 2. HP: 24/24 MP: 2/2
   640 | D:1      | Found a shattered altar of Ashenzari.
   706 | D:1      | Reached XP level 3. HP: 30/30 MP: 3/3
   890 | D:2      | Reached skill level 4 in Fighting
  1207 | D:2      | Reached XP level 4. HP: 38/38 MP: 4/4
  1318 | D:2      | Reached skill level 1 in Armour
  1903 | D:2      | Found an opulent altar of Gozag.
  1908 | D:2      | Found a snail-covered altar of Cheibriados.
  1911 | D:2      | Became a worshipper of Gozag Ym Sagoz the Greedy
  1972 | D:3      | Reached XP level 5. HP: 43/43 MP: 5/5
  2027 | D:3      | Reached skill level 5 in Fighting
  2254 | D:3      | Found a runed translucent gate.
  2255 | D:3      | Found a runed translucent gate.
  2257 | D:3      | Found a runed translucent gate.
  2614 | D:3      | Found a runed translucent door.
  2640 | D:3      | Noticed Crazy Yiuf
  2658 | D:3      | Killed Crazy Yiuf
  2963 | D:3      | Found an opulent altar of Gozag.
  2965 | D:3      | Noticed MTVSty1e's ghost (weakling GrFi)
  3192 | D:4      | Noticed Natasha
  3204 | D:4      | Killed Natasha
  3204 | D:4      | Reached XP level 6. HP: 43/52 MP: 6/6
  3623 | D:4      | Reached skill level 6 in Fighting
  3864 | D:4      | Noticed Eustachio
  3923 | D:4      | Killed Eustachio
  3923 | D:4      | Reached skill level 1 in Shields
  3923 | D:4      | Reached XP level 7. HP: 9/59 MP: 7/7
  4314 | D:4      | Noticed Natasha
  4329 | D:4      | Killed Natasha
  4556 | D:5      | Entered Level 5 of the Dungeon
  4671 | D:5      | Noticed Sigmund
  4714 | D:5      | Killed Sigmund
  5003 | D:5      | Reached skill level 7 in Fighting
  5237 | D:5      | Noticed Dowan
  5259 | D:5      | Killed Dowan
  5259 | D:5      | Reached XP level 8. HP: 56/67 MP: 8/8
  5321 | D:5      | Noticed Duvessa
  5431 | D:5      | Killed Duvessa
  5437 | D:5      | HP: 3/67 [worker ant (1)]
  5438 | D:5      | Splashed by a jelly's acid

Levels and vault maps discovered:
D:1:      giann_horns, layout_loops_corners, ashenzari_altar_1
D:2:      layout_loops_ring, minitemple, first_ration,
          corexii_item_surrounded_by_moat, grunt_ministairs_1,
          chequers_serial_rivers_marsh, st_stairs_13, due_unseen_surprise
D:3:      layout_rooms, ebering_ghost_gozag, uniq_crazy_yiuf_cottage
D:4:      layout_loops_cross, uniq_eustachio, uniq_natasha
D:5:      layout_loops_ring, uniq_duvessa, uniq_sigmund

Skill      XL: |  1  2  3  4  5  6  7 |
---------------+----------------------+-----
Fighting       | 4 5 6 7 |  7.3
Armour         | 1 2 3 4 |  4.5
Shields        | 1 2 |  2.1
Polearms       | |  2.4
Throwing       | |  1.1
Dodging        | |  0.7
Stealth        | |  2.9

Action                   |  1- 3 |  4- 6 |  7- 9 || total
-------------------------+-------+-------+-------++-------
Melee: Spear             |   110 |   374 |   234 ||   718
Throw: Boomerang         |       |     3 |       ||     3
Invok: Potion Petition   |       |     1 |       ||     1
  Use: Scroll            |       |       |     3 ||     3
 Stab: Sleeping          |     2 |       |       ||     2
       Distracted        |       |       |     1 ||     1
Armor: Plate armour      |    55 |   323 |   114 ||   492
Dodge: Dodged            |    11 |    78 |    31 ||   120
Block: Buckler           |     2 |    55 |    27 ||    84
